 Dungeon Crawl Stone Soup version 0.29.0-13-gc9e81de378 (webtiles) character file.

Game seed: 3968444567737074277

66067 SensoryNuts the Fencer (level 14, -2/110 HPs)
             Began as a Demonspawn Fighter on Sept 8, 2022.
             Slain by a rockslime (17 damage)
             ... on level 5 of the Lair of Beasts.
             The game lasted 00:28:30 (26691 turns).

SensoryNuts the Fencer (Demonspawn Fighter)        Turns: 26691, Time: 00:28:31

Health: -2/110     AC: 23    Str: 18    XL:     14   Next: 77%
Magic:  0/14       EV:  6    Int: 10    God:
Gold:   919        SH: 25    Dex: 20    Spells: 13/13 levels left

rFire   + . .      SeeInvis .   B - +5 scimitar (flame)
rCold   + . .      Faith    .   w - +3 kite shield of Trial and Error {Dex+4 Stlth+}
rNeg    + . .      Spirit   +   f - +4 plate armour
rPois   +          Reflect  .   A - -2 hat of the Alchemist {rElec rPois rF+ rC+ rN+ Will+ rMut rCorr}
rElec   +          Harm     .   (cloak unavailable)
rCorr   +          Rampage  .   (no gloves)
rMut    +                       (no boots)
Will    +++..                   u - amulet of guardian spirit
Stlth   ..........              y - ring of resist corrosion
HPRegen 0.28/turn               c - +4 ring of protection
MPRegen 0.14/turn

@: on berserk cooldown, slowed, very slow
A: icy blue scales 2, demonic guardian 2, condensation shield, weakness stinger
3, antennae 1, large bone plates 1, strong-willed 1, mutation resistance 1
a: no special abilities


You were on level 5 of the Lair of Beasts.
You visited 4 branches of the dungeon, and saw 18 of its levels.

You collected 1771 gold pieces.
You spent 852 gold pieces at shops.

Inventory:

Hand Weapons
 a - a +6 long sword of electrocution
 B - a +5 scimitar of flaming (weapon)
Missiles
 t - 6 throwing nets
Armour
 f - a +4 plate armour (worn)
 w - the +3 kite shield of Trial and Error (worn) {Dex+4 Stlth+}
   (You found it on level 5 of the Dungeon)

   Dex:       It affects your dexterity (+4).
   Stlth:     It makes you more stealthy.
 A - the -2 hat of the Alchemist (worn) {rElec rPois rF+ rC+ rN+ Will+ rMut rCorr}
   (You found it on level 8 of the Dungeon)

   rF:        It protects you from fire.
   rC:        It protects you from cold.
   rElec:     It insulates you from electricity.
   rPois:     It protects you from poison.
   rN:        It protects you from negative energy.
   rCorr:     It protects you from acid and corrosion.
   rMut:      It protects you from mutation.
   Will:      It increases your willpower.
Jewellery
 c - a +4 ring of protection (right hand)
 d - a ring of see invisible
 g - a ring of protection from fire
 q - a +6 ring of strength
 s - a ring of poison resistance
 u - an amulet of guardian spirit (around neck)
 y - a ring of resist corrosion (left hand)
 z - a ring of flight
 H - a +4 ring of protection
Wands
 h - a wand of roots (15)
 p - a wand of flame (26) (quivered)
 x - a wand of digging (4)
 I - a wand of mindburst (7)
 L - a wand of charming (6)
Scrolls
 b - 3 scrolls of butterflies
 k - 3 scrolls of teleportation
 m - 3 scrolls of magic mapping
 D - a scroll of silence
 E - a scroll of amnesia
 F - 10 scrolls of identify
 G - a scroll of immolation
Potions
 e - a potion of lignification
 i - 5 potions of attraction
 l - 5 potions of brilliance
 n - 2 potions of mutation
 r - 2 potions of degeneration
 v - 2 potions of cancellation
 C - a potion of flight


   Skills:
 + Level 10.1 Fighting
 * Level 16.1 Long Blades
 + Level 9.6 Armour
 + Level 2.3 Dodging
 + Level 1.8 Stealth
 + Level 13.3 Shields
 + Level 1.4 Evocations


You had 13 spell levels left.
You didn't know any spells.
Your spell library contained the following spells:

 Spells                   Type           Power      Damage    Failure   Level
 Apportation              Tloc           0%         N/A       100%        1
 Necrotise                Necr           0%         1d4       100%        1
 Slow                     Hex            0%         N/A       100%        1
 Summon Small Mammal      Summ           0%         N/A       100%        1
 Scorch                   Fire           0%         2d5       100%        2
 Sublimation of Blood     Necr           0%         N/A       100%        2
 Wereblood                Tmut           0%         N/A       100%        2
 Confusing Touch          Hex            0%         N/A       100%        3
 Gell's Gravitas          Tloc           0%         N/A       100%        3
 Inner Flame              Hex/Fire       0%         N/A       100%        3
 Lesser Beckoning         Tloc           0%         N/A       100%        3
 Portal Projectile        Hex/Tloc       0%         N/A       100%        3
 Teleport Other           Tloc           0%         N/A       100%        3
 Tukima's Dance           Hex            0%         N/A       100%        3
 Vampiric Draining        Necr           0%         2d6       100%        3
 Cause Fear               Hex            0%         N/A       100%        4
 Flame Wave               Conj/Fire      0%         2d4       100%        4
 Alistair's Intoxication  Tmut/Pois      0%         N/A       100%        5
 Blade Hands              Tmut           0%         N/A       100%        5
 Borgnjor's Vile Clutch   Necr/Erth      0%         N/A       100%        5
 Eringya's Noxious Bog    Tmut/Pois      0%         N/A       100%        6
 Summon Cactus Giant      Summ           0%         N/A       100%        6
 Summon Hydra             Summ           0%         N/A       100%        7
 Discord                  Hex            0%         N/A       100%        8


Dungeon Overview and Level Annotations

Branches:
Dungeon (10/15) Temple (0/1) D:4 Lair (5/5) D:8 Shoals (0/4) Lair:3 Snake (0/4) Lair:2 Lair:3 Slime (1/5) Lair:5 Orc (2/2) D:10 Elf (0/3) Orc:2

Altars:
Ashenzari
Dithmenos
Gozag
Kikubaaqudgha
Makhleb
Okawaru
Sif Muna
Trog
Uskayaw
Xom
Yredelemnul
Lugonu

Shops:
D:1 (   D:3 :   Orc:2 :!**

Portals:
Abyss: Lair:5
Trove: D:10 (show abyssal rune of Zot)

Annotations:
D:7 2 transporters, Urdicil's ghost, novice MiBe


Innate Abilities, Weirdness & Mutations

You are mostly covered in icy blue scales. (AC +3)
A demonic guardian rushes to your aid.
A meltable shield of frost defends you. (SH +4)
You have a sharp stinger which inflicts weakening toxins.
You have a pair of small antennae on your head.
You are partially covered in large bone plates. (SH +4)
You are strong-willed. (Will+)
You are somewhat resistant to further mutation.


Message History

The rockslime attacks as you move away! The rockslime hits you!!
* * * LOW HITPOINT WARNING * * *
The rockslime hits you!
* * * LOW HITPOINT WARNING * * *
A demonic guardian appears!
You stumble backwards!
Your smoke demon gestures at the rockslime.
The sticky flame hits the rockslime but does no damage.
The rockslime is covered in liquid flames!
Okay, then.
You feel better.
The rockslime hits you but does no damage.
A red film seems to cover your vision as you go berserk!
You feel yourself moving faster!
You feel mighty!
The rockslime burns!
You block the rockslime's attack.
Two slime creatures merge to form a large slime creature.
Your smoke demon gestures at the rockslime.
The ball of steam hits the rockslime!
The rockslime resists.
Unknown command.
You feel a strong urge to attack something.
The rockslime burns!
There is a stone staircase leading up here.
The rockslime stops burning.
The rockslime hits you!
* * * LOW HITPOINT WARNING * * *
You stumble backwards!
You stop ascending the stairs.
You are too berserk!
Unknown command.
You feel your anger nearly subside. You block the rockslime's attack.
You are no longer berserk.
You are exhausted.
You feel yourself slow down.
Your smoke demon gestures at the rockslime.
The sticky flame hits the rockslime but does no damage.
The rockslime is covered in liquid flames!
Your smoke demon gestures at the rockslime.
The rockslime is smitten.
You block the rockslime's attack.
The rockslime burns!
The rockslime hits you but does no damage.
The rockslime hits you!!
You die...

≈..≈≈≈##...###...................
≈≈...≈≈##......P.................
≈.≈..§§#....?.......§§JJ.........
≈≈..§.§##........................
#≈≈..§≈#..........<.J............
≈≈≈...≈#..........3..JP...#.##...
≈≈..≈.≈#..[............#.####P...
≈..§§§≈##........J....#######....
....≈≈###.......@J......###P.....
...§≈####.............###...P...J
#..###.#.........................
..........................^......
.....#.........♣♣♣...............
♣.♣##♣.....♣♣♣♣♣ ♣♣..............
♣♣♣ ♣♣♣...♣♣♣♣♣♣♣♣♣♣............
♣♣♣♣ ♣♣♣♣♣♣....♣♣♣♣♣....<......
♣♣..♣♣ ♣♣♣♣÷....♣ ♣♣♣♣........


You could see a large slime creature, 4 slime creatures, a rockslime (burning,
ally target) and a friendly smoke demon (summoned).

Vanquished Creatures
  Gastronok (Lair:2)
  Nessos (Lair:5)
  A dire elephant (Lair:3)
  Josephine (Orc:2)
  Harold (D:10)
  8 hydras
  2 boulder beetles
  A catoblepas (Lair:2)
  3 two-headed ogres
  Erica (D:8)
  A tengu warrior (D:8)
  3 orc high priests
  3 thrashing horrors (Lair:5)
  Pikel (D:5)
  3 orc knights (Orc:2)
  3 orc sorcerers (Orc:2)
  2 ugly things
  A manticore (Lair:3)
  A cyclops (Orc:1)
  4 elephants
  Joseph (D:7)
  3 black mambas
  2 rust devils (D:7)
  13 cane toads
  Maggie (D:8)
  2 smoke demons (Lair:5)
  A cane toad (shapeshifter) (Lair:5)
  A torpor snail (Lair:5)
  A kobold demonologist (D:10)
  4 rime drakes
  2 ancient zymes (Lair:5)
  6 komodo dragons
  2 trolls
  2 polar bears (Lair:3)
  17 blink frogs
  A slime creature (Slime:1)
  2 dream sheep (Lair:5)
  A spriggan (Lair:5)
  A shadow (D:6)
  5 wraiths
  4 wyverns
  3 ynoxinuls (Lair:5)
  43 yaks
  Grum (Lair:1)
  A vampire mosquito (D:8)
  4 basilisks
  2 large abominations (Lair:5)
  A warg (D:10)
  A swamp worm (shapeshifter) (Lair:5)
  18 water moccasins
  23 orc warriors
  4 ice beasts
  A black bear (D:8)
  A sky beast (D:7)
  5 ogres
  11 wolves (Lair:1)
  3 centaurs
  5 kobold brigands
  A lemure (D:5)
  15 bullfrogs
  A necrophage (D:5)
  2 gnoll sergeants
  8 scorpions
  7 wights
  9 killer bees (D:9)
  4 electric eels
  3 howler monkeys (D:8)
  2 lava snakes (Lair:5)
  6 hounds
  6 jellies
  10 orc priests
  3 gnoll boudas
  12 small abominations (Lair:5)
  An iguana (D:5)
  19 orc wizards
  33 gnolls
  6 adders
  A shadow imp (D:5)
  3 white imps
  An ufetubus (D:5)
  3 dart slugs
  62 orcs
  4 ball pythons
  4 bats (D:3)
  15 endoplasms
  2 giant cockroaches
  5 goblins
  5 hobgoblins
  7 jackals
  3 quokkas
  2 frilled lizards (D:2)
  26 kobolds
  5 rats
537 creatures vanquished.

Vanquished Creatures (collateral kills)
  An acid blob (Slime:1)
  2 boulder beetles
  A two-headed ogre (D:9)
  A centaur warrior (D:8)
  2 orc knights (Orc:2)
  A wolf spider (shapeshifter) (D:8)
  4 slime creatures (Slime:1)
  A smoke demon (Lair:5)
  A komodo dragon (Lair:5)
  2 dream sheep (Lair:5)
  2 yaks (Lair:2)
  An ogre (D:5)
  A wolf (Lair:1)
  A howler monkey (D:8)
  2 gnolls (D:5)
  4 orcs
27 creatures vanquished.

Vanquished Creatures (others)
  A human (D:5)
  19 fungi
  65 plants
85 creatures vanquished.

Grand Total: 649 creatures vanquished

Notes
Turn   | Place    | Note
-------+----------+-------------------------------------------
     0 | D:1      | SensoryNuts the Demonspawn Fighter began the quest for the
                  | Orb.
     0 | D:1      | Reached XP level 1. HP: 18/18 MP: 1/1
    36 | D:1      | Found a faded altar of an unknown god.
   121 | D:1      | Reached skill level 2 in Long Blades
   121 | D:1      | Gained mutation: A meltable shield of frost defends you.
                  | (SH +4) [demonic ancestry]
   121 | D:1      | Reached XP level 2. HP: 16/24 MP: 2/2
   522 | D:1      | Gained mutation: A weak demonic guardian rushes to your
                  | aid. [demonic ancestry]
   522 | D:1      | Reached XP level 3. HP: 22/29 MP: 3/3
   645 | D:1      | Found Uwkeh's Antique Weapon Shop.
  1785 | D:2      | Reached skill level 3 in Long Blades
  2086 | D:3      | Found Ysaj's Book Shop.
  2167 | D:3      | Found a shadowy altar of Dithmenos.
  2238 | D:3      | Found a shimmering blue altar of Sif Muna.
  2289 | D:3      | Reached XP level 4. HP: 34/35 MP: 4/4
  2358 | D:3      | Found a shimmering altar of Xom.
  2594 | D:4      | Noticed an ogre
  2604 | D:4      | Killed an ogre
  2605 | D:4      | Reached skill level 4 in Long Blades
  2605 | D:4      | Gained mutation: You have a small tail. [demonic ancestry]
  2605 | D:4      | Reached XP level 5. HP: 41/41 MP: 5/5
  2650 | D:4      | Reached XP level 6. HP: 47/47 MP: 6/6
  2697 | D:4      | Reached skill level 5 in Long Blades
  2831 | D:4      | Found a staircase to the Ecumenical Temple.
  2947 | D:4      | Reached skill level 1 in Dodging
  3263 | D:5      | Entered Level 5 of the Dungeon
  3312 | D:5      | Reached XP level 7. HP: 27/53 MP: 7/7
  3730 | D:5      | Reached skill level 6 in Long Blades
  4022 | D:5      | Found an ancient bone altar of Kikubaaqudgha.
  4026 | D:5      | Noticed a human
  4028 | D:5      | Identified the +3 kite shield of Trial and Error {Dex+4
                  | Stlth+}
  4029 | D:5      | Killed a human
  4184 | D:5      | Noticed Pikel
  4196 | D:5      | Killed Pikel
  4197 | D:5      | Reached skill level 7 in Long Blades
  4197 | D:5      | Gained mutation: You have a tail ending in a sharp stinger.
                  | [demonic ancestry]
  4197 | D:5      | Reached XP level 8. HP: 46/60 MP: 8/8
  4423 | D:5      | Reached skill level 8 in Long Blades
  4471 | D:5      | Gained mutation: A demonic guardian rushes to your aid.
                  | [demonic ancestry]
  4471 | D:5      | Reached XP level 9. HP: 61/66 MP: 9/9
  5108 | D:6      | Reached skill level 5 in Shields
  5336 | D:6      | Reached skill level 5 in Fighting
  5524 | D:6      | Reached skill level 9 in Long Blades
  5566 | D:6      | Identified the +5 mace of the Lame Duck {vorpal, Int+3}
  5901 | D:7      | Found a transporter.
  5919 | D:7      | Noticed Joseph
  5929 | D:7      | Killed Joseph
  6041 | D:7      | Noticed Urdicil's ghost (novice MiBe)
  6187 | D:7      | Found a transporter.
  6778 | D:8      | Found an opulent altar of Gozag.
  6778 | D:8      | Noticed Maggie
  6804 | D:8      | Reached skill level 10 in Long Blades
  6843 | D:8      | Killed Maggie
  6844 | D:8      | Reached skill level 5 in Armour
  6867 | D:8      | Noticed a centaur warrior
  7080 | D:8      | Noticed a five-headed hydra
  7084 | D:8      | Killed a centaur warrior
  7085 | D:8      | Reached XP level 10. HP: 19/74 MP: 2/10
  7088 | D:8      | Found a hide-covered altar of Uskayaw.
  7098 | D:8      | Noticed a boulder beetle
  7345 | D:8      | Killed a boulder beetle
  7511 | D:8      | Found a shimmering blue altar of Sif Muna.
  7559 | D:8      | Found a staircase to the Lair.
  7578 | D:7      | Noticed a rust devil
  7578 | D:7      | Noticed a rust devil
  7737 | D:7      | Gained mutation: Your magical capacity is low. (-10% MP)
                  | [potion of mutation]
  7737 | D:7      | Gained mutation: You occasionally lose the ability to read
                  | scrolls when taking damage. [potion of mutation]
  7737 | D:7      | Gained mutation: Your system is resistant to poisons.
                  | (rPois) [potion of mutation]
  7738 | D:7      | Lost mutation: Your system is resistant to poisons. (rPois)
                  | [potion of mutation]
  7738 | D:7      | Lost mutation: You occasionally lose the ability to read
                  | scrolls when taking damage. [potion of mutation]
  7738 | D:7      | Gained mutation: You are frail. (-10% HP) [potion of
                  | mutation]
  7738 | D:7      | Gained mutation: You have hidden genetic potential. [potion
                  | of mutation]
  7738 | D:7      | Gained mutation: You are strong-willed. (Will+) [potion of
                  | mutation]
  7738 | D:7      | Lost mutation: Your magical capacity is low. (-10% MP)
                  | [potion of mutation]
 10409 | D:8      | Killed a six-headed hydra
 10432 | D:8      | Reached skill level 1 in Stealth
 10456 | D:8      | Noticed a wolf spider
 10464 | D:8      | Killed a wolf spider
 10465 | D:8      | Reached skill level 1 in Evocations
 10803 | D:8      | Reached skill level 11 in Long Blades
 11140 | D:8      | Found a burning altar of Makhleb.
 11156 | D:8      | Found a basalt altar of Yredelemnul.
 11196 | D:8      | Noticed a brown ugly thing
 11211 | D:8      | Killed a brown ugly thing
 11212 | D:8      | Gained mutation: You have a sharp stinger which inflicts
                  | weakening toxins. [demonic ancestry]
 11212 | D:8      | Reached XP level 11. HP: 57/72 MP: 9/11
 11310 | D:8      | Found a basalt altar of Yredelemnul.
 11310 | D:8      | Found the -2 hat of the Alchemist {rElec rPois rF+ rC+ rN+
                  | Will+ rMut rCorr}
 11310 | D:8      | Noticed Erica
 11367 | D:8      | Killed Erica
 11678 | Lair:1   | Entered Level 1 of the Lair of Beasts
 11731 | Lair:1   | Noticed Grum
 11740 | Lair:1   | Gained mutation: You are partially covered in large bone
                  | plates. (SH +4) [hidden potential]
 11748 | Lair:1   | Killed Grum
 11990 | Lair:1   | Reached skill level 12 in Long Blades
 12215 | Lair:1   | Found a gate leading to a gauntlet.
 12816 | Lair:1   | Noticed an eight-headed hydra
 12824 | Lair:1   | Killed a four-headed hydra
 13133 | Lair:2   | Noticed a boulder beetle
 13176 | Lair:1   | Killed a boulder beetle
 13590 | Lair:2   | Noticed a four-headed hydra
 13592 | Lair:2   | Reached skill level 13 in Long Blades
 13599 | Lair:2   | Killed a one-headed hydra
 13600 | Lair:2   | Gained mutation: You are partially covered in icy blue
                  | scales. (AC +2) [demonic ancestry]
 13600 | Lair:2   | Reached XP level 12. HP: 77/80 MP: 12/12
 13850 | Lair:2   | Identified the +2 leather armour "Mydeafras" {Will+ Dex+3
                  | SInv}
 14006 | Lair:2   | Noticed Gastronok
 14016 | Lair:2   | Killed Gastronok
 14022 | Lair:2   | Gained mutation: You have great hidden genetic potential.
                  | [hidden potential]
 14022 | Lair:2   | Lost mutation: You have great hidden genetic potential.
                  | [hidden potential expressed]
 14086 | Lair:2   | Noticed a catoblepas
 14113 | Lair:2   | Killed a catoblepas
 14617 | Lair:3   | Found a staircase to the Snake Pit.
 14713 | Lair:3   | Noticed an eight-headed hydra
 14723 | Lair:3   | Killed a three-headed hydra
 14829 | Lair:3   | Found a staircase to the Shoals.
 15135 | Lair:3   | Reached skill level 14 in Long Blades
 15188 | Lair:3   | Reached skill level 10 in Shields
 15485 | Lair:3   | Noticed a five-headed hydra
 15494 | Lair:3   | Killed a one-headed hydra
 15743 | Lair:3   | Noticed a dire elephant
 15763 | Lair:3   | Killed a dire elephant
 15851 | Lair:3   | Noticed a four-headed hydra
 15860 | Lair:3   | Killed a one-headed hydra
 15861 | Lair:3   | Gained mutation: You are mostly covered in icy blue scales.
                  | (AC +3) [demonic ancestry]
 15861 | Lair:3   | Reached XP level 13. HP: 85/88 MP: 11/13
 16530 | Lair:4   | Gained mutation: Your flesh is heat resistant. (rF+)
                  | [hidden potential]
 16652 | Lair:4   | Identified the +5 war axe "Leviticus" {freeze, Int+7}
 17483 | Lair:5   | Entered Level 5 of the Lair of Beasts
 17497 | Lair:5   | Reached skill level 15 in Long Blades
 17642 | Lair:5   | Found a broken altar of Ashenzari.
 17677 | Lair:5   | Noticed Nessos
 17691 | Lair:5   | Killed Nessos
 18031 | Lair:5   | Found a staircase to the Slime Pits.
 19688 | Lair:5   | Reached XP level 14. HP: 97/97 MP: 14/14
 19865 | Lair:5   | Found a corrupted altar of Lugonu.
 19865 | Lair:5   | Found a one-way gate to the infinite horrors of the Abyss.
 20321 | D:7      | Identified the +0 plate armour of the Vacuum {rN+ Str+4
                  | Dex-5}
 20370 | D:7      | Gained mutation: Your flesh is cold resistant. (rC+)
                  | [hidden potential]
 20370 | D:7      | Lost mutation: You have hidden genetic potential. [hidden
                  | potential expressed]
 21765 | D:10     | Entered Level 10 of the Dungeon
 21786 | D:10     | Found a bloodstained altar of Trog.
 21806 | D:10     | Found an iron altar of Okawaru.
 21998 | D:10     | Noticed Harold
 22010 | D:10     | Killed Harold
 22034 | D:10     | Found a staircase to the Orcish Mines.
 22479 | D:10     | Found a portal to a secret trove of treasure.
 22901 | Orc:1    | Entered Level 1 of the Orcish Mines
 23463 | Orc:1    | Found a shimmering blue altar of Sif Muna.
 23619 | Orc:2    | Entered Level 2 of the Orcish Mines
 23619 | Orc:2    | Noticed Josephine
 23629 | Orc:2    | Killed Josephine
 23892 | Orc:2    | Found a staircase to the Elven Halls.
 24921 | Orc:2    | Reached skill level 16 in Long Blades
 25339 | Orc:2    | Reached skill level 10 in Fighting
 25576 | Orc:2    | Found Ulufer's Assorted Antiques.
 25576 | Orc:2    | Found Cegol's Assorted Antiques.
 25866 | Orc:2    | Found Tewkeud's Book Shop.
 25866 | Orc:2    | Found Quxtinux's Distillery.
 25872 | Orc:2    | Bought a scroll of blinking for 217 gold pieces
 25872 | Orc:2    | Bought a scroll of summoning for 275 gold pieces
 25876 | Orc:2    | Bought 2 potions of curing for 90 gold pieces
 25876 | Orc:2    | Bought a potion of curing for 45 gold pieces
 25876 | Orc:2    | Bought 2 potions of heal wounds for 150 gold pieces
 25876 | Orc:2    | Bought a potion of berserk rage for 75 gold pieces
 25967 | Orc:2    | Lost mutation: Your flesh is heat resistant. (rF+) [potion
                  | of mutation]
 25967 | Orc:2    | Lost mutation: Your flesh is cold resistant. (rC+) [potion
                  | of mutation]
 25967 | Orc:2    | Lost mutation: You are frail. (-10% HP) [potion of
                  | mutation]
 25967 | Orc:2    | Gained mutation: You have a pair of small antennae on your
                  | head. [potion of mutation]
 25967 | Orc:2    | Gained mutation: You are somewhat resistant to further
                  | mutation. [potion of mutation]
 26291 | Slime:1  | Entered Level 1 of the Pits of Slime
 26295 | Slime:1  | Noticed an acid blob
 26316 | Slime:1  | Killed an acid blob
 26629 | Slime:1  | Noticed a rockslime
 26691 | Lair:5   | Slain by a rockslime

Illustrated notes

Levels and vault maps discovered:
D:1:      amcnicky_arrival_flooded_fountain, layout_rooms, serial_shops,
          nicolae_shop_crystal, ebering_ecumenical_altar_hall, serial_rivers,
          chequers_serial_rivers_small_b, chequers_serial_rivers_small_a,
          chequers_serial_rivers_micro_d, chequers_serial_rivers_micro_e
D:2:      layout_basic
D:3:      layout_basic, xom_butterflies, lemuel_coloured_pillars_altar,
          nicolae_dithmenos_through_a_glass_darkly, serial_shops, shop
D:4:      layout_basic, minmay_temple_entry_drinking_statues
D:5:      kennysheep_kobold_camp, layout_loops_cross, tgw_kikubaaqudgha,
          minmay_joined_circles, uniq_pikel
D:6:      layout_loops_ring
D:7:      cheibrodos_iron_armory, layout_loops_ring, gammafunk_ghost_stat_death,
          uniq_joseph
D:8:      minmay_the_grid_octo_triangle [minmay_the_grid_octo_shrine,
          minmay_the_grid_octo_prize_ultimate_mussel_roller,
          minmay_the_grid_octo_vomiting_pacman], layout_loops_ring,
          mainiacjoe_overflow_cross_hatched, dpeg_oklobed_lair,
          minmay_crystal_room, uniq_erica, uniq_maggie
D:9:      layout_irregular_city
D:10:     layout_loops_corners, okawaru_trees_2, trog_three_pillars_becter,
          orc_david_3, enter_trove_3, uniq_harold
Lair:1:   layout_regular_city, gauntlet_entry_generic,
          chequers_serial_rivers_large_b, infiniplex_staircase_pool, uniq_grum
Lair:2:   layout_cellular_growth, beast_lair_carwin_1, uniq_gastronok
Lair:3:   nzn_winding_woodlands_cross [nzn_winding_woodlands_5x15_cabin,
          nzn_winding_woodlands_5x15_sidewinder,
          nzn_winding_woodlands_5x15_parted,
          nzn_winding_woodlands_5x15_split_checker,
          nzn_winding_woodlands_15x15_boxy_spiral], layout_cave_shapes,
          elwin_shoals_entry_rooms
Lair:4:   cheibrodos_lair_river_kwai, layout_gridlike
Lair:5:   hellmonk_lair_end_abyssal_woods, layout_small_grid,
          nicolae_slime_entry_slimehenge, basic_altar,
          nicolae_lair_liquid_snakes, uniq_nessos
Slime:1:  layout_caves
Orc:1:    layout_caves, led_sif_book
Orc:2:    grunt_orc_tribal_feast, layout_caves, uniq_josephine

Skill      XL: |  1  2  3  4  5  6  7  8  9 10 11 12 13 14 |
---------------+-------------------------------------------+-----
Long Blades    | 2 3 4 5 7 8 10 11 13 14 15 16 | 16.1
Armour         | 3 4 5 6 7 8 9 |  9.6
Shields        | 3 4 6 7 9 10 12 13 | 13.3
Dodging        | 1 2 |  2.3
Fighting       | 4 5 6 7 9 10 | 10.1
Stealth        | 1 |  1.8
Evocations     | 1 |  1.4

Action                   |  1- 3 |  4- 6 |  7- 9 | 10-12 | 13-15 || total
-------------------------+-------+-------+-------+-------+-------++-------
Melee: Long sword        |   141 |    91 |   247 |   135 |       ||   614
       Tailslap          |       |     7 |    40 |   102 |   169 ||   318
       Scimitar          |       |       |       |   406 |   969 ||  1375
Evoke: Wand              |       |       |       |    16 |    24 ||    40
  Use: Potion            |     1 |       |     2 |    11 |    17 ||    31
       Scroll            |    10 |     4 |    13 |     6 |    13 ||    46
 Stab: Distracted        |       |       |       |     2 |     1 ||     3
       Petrified         |       |       |       |     2 |       ||     2
       Invisible         |       |       |       |       |     2 ||     2
Armor: Scale mail        |    71 |    15 |       |       |       ||    86
       Plate armour      |       |    21 |    98 |   263 |   347 ||   729
Dodge: Dodged            |    49 |    24 |    27 |    64 |   137 ||   301
Block: Buckler           |    69 |    48 |    32 |       |       ||   149
       Kite shield       |       |       |   169 |   640 |  1211 ||  2020
